 Dungeon Crawl Stone Soup version 0.20-a0-903-g7e3609c (webtiles) character file.

76 Goblin1989 the Slasher (level 4, 0/35 HPs)
             Began as a Demonspawn Monk on Mar 20, 2017.
             Killed from afar by Natasha (3 damage)
             ... with a magic dart
             ... on level 3 of the Dungeon.
             The game lasted 00:03:45 (2275 turns).

Goblin1989 the Slasher (Demonspawn Monk)            Turns: 2275, Time: 00:03:47

Health: 0/35       AC:  7    Str: 13    XL:     4   Next: 12%
Magic:  4/4        EV: 12    Int: 11    God:
Gold:   60         SH:  0    Dex: 15    Spells: 3/3 levels left

rFire    . . .     SeeInvis .   a - +0 falchion
rCold    . . .     Gourm    .   p - +0 scale mail
rNeg     . . .     Faith    .   (no shield)
rPois    .         Spirit   .   (no helmet)
rElec    .         Reflect  .   (no cloak)
rCorr    .         Harm     .   d - +0 pair of gloves
MR       .....                  (no boots)
Stlth    +.........             (no amulet)
Regen    0.2/turn               (no ring)
MPRegen  0.1/turn               (no ring)

@: no status effects
A: repulsion field 1, powered by pain 1
a: no special abilities


You were on level 3 of the Dungeon.
You were hungry.

You visited 1 branch of the dungeon, and saw 3 of its levels.

You collected 60 gold pieces.

Inventory:

Hand Weapons
 a - a +0 falchion (weapon)
Armour
 d - a +0 pair of gloves (worn)
 p - a +0 scale mail (worn)
Scrolls
 c - 3 scrolls of identify {unknown}
 f - 2 scrolls of remove curse {unknown}
 g - a scroll of random uselessness {unknown}
 l - a scroll of enchant weapon {unknown}
 q - a scroll of teleportation {unknown}
Potions
 h - a potion of magic {unknown}
 k - a potion of curing {unknown}
 m - 2 potions of resistance {unknown}
 n - a potion of might {unknown}
Comestibles
 e - 2 bread rations {@e1}
 i - a meat ration {@e2}
 j - a royal jelly
 o - 5 fruits


   Skills:
 - Level 3.0 Fighting
 + Level 4.5 Long Blades
 + Level 0.0 Armour
 - Level 2.6 Dodging
 - Level 1.7 Stealth


You had 3 spell levels left.
You didn't know any spells.

Dungeon Overview and Level Annotations

Branches:
Dungeon (3/15)

Altars:
Yredelemnul

Annotations:
D:3 Natasha


Innate Abilities, Weirdness & Mutations

You are surrounded by a mild repulsion field. (EV +2)
You sometimes gain a little power by taking damage.


Message History

The adder poisons you!
You take 4 damage, and have 12/29 hp.
You slash the adder!
You kill the adder!
You have reached level 4!
You feel stronger.
Your demonic ancestry asserts itself...
You begin to radiate repulsive energy.
You feel sick.
MP restored: 4 You start resting.
You feel sick. x8
You are no longer poisoned.
You take 5 damage, and have 8/35 hp.
You start resting.
HP restored.
You regained 23 hp, and now have 31/35 hp.
You see here an adder skeleton.
You see here a leather armour.
You see here a chain mail.
You see here a scale mail.
p - a scale mail Wear which item (? for menu, Esc to quit)
You start removing your armour.
You continue taking off your +0 robe. x4
You finish taking off your +0 robe.
You start putting on your armour.
You continue putting on your scale mail. x5
You finish putting on your +0 scale mail.
Unknown command.
Drop what? 17/52 slots (_ for help) (? for menu, Esc to quit)
You drop a +0 robe.
Marking area around Natasha as unsafe for travelling.
Natasha, Servant of Life and Death comes into view.
Natasha hisses angrily.
Natasha casts a spell at you. The magic dart hits you!
You take 3 damage, and have 30/35 hp.
Natasha casts a spell.
Found a stone staircase leading down.
You hit Natasha.
Natasha is lightly wounded.
Natasha misses you.
You are feeling hungry.
You miss Natasha.
Natasha is lightly wounded.
The iron imp misses you. Natasha barely misses you.
You riposte.
You closely miss Natasha.
Natasha is lightly wounded.
You closely miss Natasha.
Natasha is lightly wounded.
The iron imp hits you. Natasha barely misses you.
You take 6 damage, and have 25/35 hp.
You hit Natasha.
Natasha is heavily wounded.
Natasha claws you but does no damage.
The iron imp hits you but does no damage.
You hit Natasha.
Natasha is severely wounded.
Natasha barely misses you. The iron imp barely misses you.
You riposte.
You hit the iron imp.
The iron imp is lightly wounded.
You barely miss Natasha.
Natasha is severely wounded.
Natasha claws you! The iron imp barely misses you.
You are too injured to fight recklessly!
You take 7 damage, and have 18/35 hp.
You are too injured to fight recklessly!
You are too injured to fight recklessly!
You are too injured to fight recklessly!
You are too injured to fight recklessly!
You are too injured to fight recklessly!
You are too injured to fight recklessly!
You are too injured to fight recklessly!
You are too injured to fight recklessly!
You are too injured to fight recklessly!
You are too injured to fight recklessly!
You are too injured to fight recklessly!
You are too injured to fight recklessly!
You are too injured to fight recklessly!
You are too injured to fight recklessly!
You are too injured to fight recklessly!
You are too injured to fight recklessly!
You are too injured to fight recklessly!
You are too injured to fight recklessly!
You are too injured to fight recklessly!
You are too injured to fight recklessly!
You are too injured to fight recklessly!
You are too injured to fight recklessly!
You completely miss Natasha.
Natasha is severely wounded.
Natasha casts a spell at you. The magic dart hits you!
* * * LOW HITPOINT WARNING * * *
The iron imp hits you!
* * * LOW HITPOINT WARNING * * *
You take 15 damage, and have 3/35 hp.
MASSIVE DAMAGE!!
You closely miss Natasha.
Natasha is severely wounded.
Natasha casts a spell at you. The magic dart hits you!
You die...

█[.███████
█.........
██.███████ █[█
█.█ █.█ ██.██
███...█ █h@...█
......5..........
█.███..██████████
█.. █.> █.. ...
██..


You could see an iron imp and Natasha.

Vanquished Creatures
  3 adders
  An ooze (D:2)
  A worm (D:2)
  2 leopard geckos
  5 bats
  2 gnoll zombies (D:2)
  3 goblins
  3 hobgoblins
  3 jackals (D:1)
  A quokka (D:2)
  3 frilled lizards
  5 kobolds
  7 rats
39 creatures vanquished.

Notes
Turn   | Place    | Note
-------+----------+-------------------------------------------
     0 | D:1      | Goblin1989 the Demonspawn Monk began the quest for the Orb.
     0 | D:1      | Reached XP level 1. HP: 18/18 MP: 1/1
    88 | D:1      | Reached skill level 3 in Long Blades
   267 | D:1      | Gained mutation: You sometimes gain a little power by taking damage. [demonic ancestry]
   267 | D:1      | Reached XP level 2. HP: 22/24 MP: 2/2
   944 | D:2      | Reached XP level 3. HP: 27/29 MP: 3/3
   949 | D:2      | Reached skill level 4 in Long Blades
  1422 | D:2      | Found a basalt altar of Yredelemnul.
  2011 | D:3      | Gained mutation: You are surrounded by a mild repulsion field. (EV +2) [demonic ancestry]
  2011 | D:3      | Reached XP level 4. HP: 14/35 MP: 4/4
  2264 | D:3      | Noticed Natasha
  2275 | D:3      | Killed from afar by Natasha

Vault maps used:
D:1:      doesnt_arrival_eight_statues, st_stairs_4
D:2:      lemuel_zombie_altar_yredelemnul
D:3:      old_standard_altar, nicolae_qazlal_general_emergency, first_bread,
          chequers_ecumenical_altar_lobes, uniq_robin, uniq_natasha

Skill      XL: |  1  2  3 |
---------------+----------+-----
Long Blades    | 3 4 |  4.5
Fighting       | |  3.0
Dodging        | |  2.6
Stealth        | |  1.7

Action                   |  1- 3 |  4- 6 || total
-------------------------+-------+-------++-------
Melee: Falchion          |   153 |     8 ||   161
  Use: Potion            |     1 |       ||     1
 Stab: Sleeping          |     7 |       ||     7
  Eat: Chunk             |     4 |       ||     4
Armor: Robe              |    25 |       ||    25
       Scale mail        |       |     2 ||     2
Dodge: Dodged            |   107 |     7 ||   114
       Rpst.: Falchion   |    27 |     2 ||    29

Vault maps used:
D:1:      doesnt_arrival_eight_statues, st_stairs_4
D:2:      lemuel_zombie_altar_yredelemnul
D:3:      old_standard_altar, nicolae_qazlal_general_emergency, first_bread,
          chequers_ecumenical_altar_lobes, uniq_robin, uniq_natasha
